 Dungeon Crawl Stone Soup version 0.28-a0-726-g4a9143789a (webtiles) character file.

Game seed: 18046257310096358998

51 Sabo the Skirmisher (level 3, -1/29 HPs)
             Began as a Demonspawn Fighter on Oct 27, 2021.
             Slain by Sigmund (5 damage)
             ... on level 2 of the Dungeon.
             The game lasted 00:07:26 (2263 turns).

Sabo the Skirmisher (Demonspawn Fighter)            Turns: 2263, Time: 00:07:26

Health: -1/29      AC:  9    Str: 17    XL:     3   Next: 57%
Magic:  3/3        EV:  6    Int:  9    God:
Gold:   103        SH:  0    Dex: 12    Spells: 2/2 levels left

rFire   . . .      SeeInvis .   j - +3 mace
rCold   . . .      Faith    .   c - +0 buckler
rNeg    . . .      Spirit   .   g - +0 chain mail
rPois   .          Reflect  .   (helmet restricted)
rElec   .          Harm     .   (no cloak)
rCorr   +          Rampage  .   (no gloves)
Will    .....                   (no boots)
Stlth   ..........              (no amulet)
HPRegen 0.09/turn               b - ring of resist corrosion
MPRegen 0.08/turn               (no ring)

@: confused, mighty
A: horns 1
a: no special abilities


You were on level 2 of the Dungeon.
You visited 1 branch of the dungeon, and saw 2 of its levels.

You collected 103 gold pieces.

Inventory:

Hand Weapons
 a - a +0 war axe
 h - a +0 vampiric whip
 j - a +3 mace (weapon)
Missiles
 e - 13 bolts
 f - 18 arrows
Armour
 c - a +0 buckler (worn)
 g - a +0 chain mail (worn)
Jewellery
 b - a ring of resist corrosion (left hand)
Scrolls
 i - 2 scrolls of identify {unknown}
 l - a scroll of fog {unknown}
Potions
 k - a potion of attraction {unknown}


   Skills:
 + Level 3.3 Fighting
 + Level 2.5 Axes
 + Level 0.2(1.5) Maces & Flails
 + Level 3.1 Armour
 + Level 3.0 Shields


You had 2 spell levels left.
You didn't know any spells.
Your spell library contained the following spells:

 Spells                   Type           Power      Damage    Failure   Level
 Sting                    Tmut/Pois      0%         1d3       100%        1
 Poisonous Vapours        Pois/Air       0%         N/A       100%        2
 Olgreb's Toxic Radiance  Pois           0%         N/A       100%        4


Dungeon Overview and Level Annotations

Branches:
Dungeon (2/15)

Altars:

Shops:
D:1 *

Annotations:
D:2 Sigmund


Innate Abilities, Weirdness & Mutations

You have a pair of small horns on your head.


Message History

Found a crooked smoking staff.
There is a stone staircase leading down here.
Found a brown potion.
Found a stone staircase leading up.
Found a robe.
k - a brown potion
Found a scroll labelled VUOMIE ZUGAGH.
You see here a +0 robe.
You see here a +0 robe.
You see here a staff of death.
l - a scroll labelled VUOMIE ZUGAGH Sigmund the Dreaded comes into view.
He is wielding a +1 vorpal scythe.
Sigmund shouts!
Sigmund hits you but does no damage.
Sigmund points at you and mumbles some strange words.
The magic dart hits you.
You feel very mighty all of a sudden. Sigmund hits you but does no damage.
You hit Sigmund. You headbutt Sigmund!
Sigmund is moderately wounded.
Sigmund hits you but does no damage.
You closely miss Sigmund. Your headbutt misses Sigmund.
Sigmund is moderately wounded.
Sigmund hits you with a +1 vorpal scythe.
You hit Sigmund.
Sigmund is moderately wounded.
Sigmund gestures at you while chanting.
You are confused.
You bump into the rock wall.
Sigmund hits you with a +1 vorpal scythe!
You're too confused to move!
Sigmund hits you with a +1 vorpal scythe.
Sigmund hits you from afar with a +1 vorpal scythe.
* * * LOW HITPOINT WARNING * * *
x2 You bump into the rock wall.
Sigmund gestures at you while chanting.
You are more confused.
You bump into the rock wall.
Sigmund hits you from afar with a +1 vorpal scythe.
You die...

#######
#.#
......#
#.#
......#
#.####
......#
#....#
#######
###.##
#.# #.#
####.#
#@...#
#.####
#@# #..
.#.. .
... ..
...# #.
.### ..
.#


You could see Sigmund.

Vanquished Creatures
  An adder skeleton (D:2)
  A worm (D:2)
  A dart slug (D:1)
  An orc (D:2)
  4 ball pythons (D:1)
  2 endoplasms (D:1)
  A giant cockroach (D:1)
  3 goblins (D:1)
  6 hobgoblins
  3 quokkas
  3 bats
  2 frilled lizards (D:1)
  4 kobolds (D:1)
  6 rats
38 creatures vanquished.

Notes
Turn   | Place    | Note
-------+----------+-------------------------------------------
     0 | D:1      | Sabo the Demonspawn Fighter began the quest for the Orb.
     0 | D:1      | Reached XP level 1. HP: 18/18 MP: 1/1
   395 | D:1      | Found Baad's Assorted Antiques.
   583 | D:1      | Gained mutation: You have a pair of small horns on your
                  | head. [demonic ancestry]
   583 | D:1      | Reached XP level 2. HP: 22/24 MP: 2/2
  1184 | D:1      | Reached XP level 3. HP: 24/29 MP: 3/3
  2251 | D:2      | Noticed Sigmund
  2263 | D:2      | Slain by Sigmund

Illustrated notes

Levels and vault maps discovered:
D:1:      beargit_arrival_greenhouse, layout_basic, serial_shops, shop,
          serial_bayou_crossing
D:2:      layout_basic, minmay_misc_feat_columns, uniq_sigmund

Skill      XL: |  1  2  3 |
---------------+----------+-----
Axes           | 2 |  2.5
Armour         | 3 |  3.1
Shields        | 3 |  3.0
Fighting       | |  3.3
Maces & Flails | |  0.2

Action                   || total
-------------------------++-------
Melee: War axe           ||    44
       Mace              ||    57
       Headbutt          ||    13
  Use: Potion            ||     1
Armor: Chain mail        ||    55
       Scale mail        ||     2
Dodge: Dodged            ||    23
Block: Buckler           ||    24

Table legend: (Time is in decaauts)
 A = Elapsed time spent in this place.
 B = Non-inter-level travel time spent in this place.
 C = Inter-level travel time spent in this place.
 D = Time resting spent in this place.
 E = Time spent auto-exploring this place.
 F = Levels seen in this place.
 G = Mean time per level.
                   A        B        C        D        E       F      G
               +--------+--------+--------+--------+--------+-----+--------+
         Total |   2315 |   2315 |      0 |    802 |      0 |   2 | 1157.5 |
       Dungeon |   2315 |   2315 |      0 |    802 |      0 |   2 | 1157.5 |
               +--------+--------+--------+--------+--------+-----+--------+

Top non-repeatable levels by time:
     D:1: 1440 daAuts
     D:2: 875 daAuts
